 Dungeon Crawl Stone Soup version 0.29.1-1-gd02db6906a (webtiles) character file.

Game seed: 12065955368749922980

30 LabCoat the Trooper (level 3, -1/33 HPs)
             Began as a Hill Orc Fighter on Sept 15, 2022.
             Slain by Natasha (3 damage)
             ... on level 2 of the Dungeon.
             The game lasted 00:02:23 (1305 turns).

LabCoat the Trooper (Hill Orc Fighter)              Turns: 1305, Time: 00:02:25

Health: -1/33      AC:  6    Str: 26    XL:     3   Next: 18%
Magic:  3/3        EV:  9    Int:  8    God:
Gold:   37         SH:  4    Dex: 10    Spells: 2/2 levels left

rFire   + . .      SeeInvis .   a - +0 war axe
rCold   . . .      Faith    .   c - +0 buckler
rNeg    . . .      Spirit   .   b - +0 scale mail
rPois   .          Reflect  .   (no helmet)
rElec   .          Harm     .   (no cloak)
rCorr   +          Rampage  .   (no gloves)
Will    .....                   (no boots)
Stlth   ..........              (no amulet)
HPRegen 0.11/turn               e - ring of resist corrosion
MPRegen 0.08/turn               g - ring "Suzxos" {rF+ Str+6}

@: mighty
A: no striking features
a: no special abilities


You were on level 2 of the Dungeon.
You visited 1 branch of the dungeon, and saw 2 of its levels.

You collected 37 gold pieces.

Inventory:

Hand Weapons
 a - a +0 war axe (weapon)
Armour
 b - a +0 scale mail (worn)
 c - a +0 buckler (worn)
Jewellery
 e - a ring of resist corrosion (left hand)
 g - the ring "Suzxos" (right hand) {rF+ Str+6}
   (You acquired it on level 1 of the Dungeon)

   [ring of strength]

   Str:       It affects your strength (+6).
   rF:        It protects you from fire.
Scrolls
 i - a scroll of identify {unknown}
Potions
 f - a potion of degeneration {unknown}
 h - a potion of haste {unknown}


   Skills:
 + Level 4.0 Fighting
 * Level 3.6 Axes
 + Level 3.6 Armour
 + Level 3.5 Shields


You had 2 spell levels left.
You didn't know any spells.
Your spell library was empty.

Dungeon Overview and Level Annotations

Branches:
Dungeon (2/15)

Altars:

Annotations:
D:2 Natasha


Message History

Natasha stares at you and mumbles some strange words.
The magic dart hits you.
You slash the rat!
You kill the rat!
You closely miss Natasha.
Natasha casts a spell.
Your Fighting skill increases to level 4!
You barely miss Natasha. Natasha barely misses you.
Natasha casts a spell at you. The magic dart hits you.
You hit Natasha.
Natasha is heavily wounded.
Natasha claws you but does no damage.
You hit Natasha but do no damage.
Natasha is heavily wounded.
You barely miss the shadow imp. The shadow imp closely misses you.
Natasha casts a spell at you.
The magic dart hits you but does no damage.
The shadow imp hits you.
You closely miss Natasha.
Natasha is heavily wounded.
You closely miss the shadow imp. You block Natasha's attack.
The shadow imp gestures at you. Pain shoots through your body!
* * * LOW HITPOINT WARNING * * *
Natasha barely misses you.
You feel very mighty all of a sudden. The shadow imp barely misses you.
You block Natasha's attack.
You barely miss Natasha.
Natasha is heavily wounded.
You closely miss the shadow imp. The shadow imp closely misses you.
You block Natasha's attack. The shadow imp hits you.
* * * LOW HITPOINT WARNING * * *
You barely miss Natasha.
Natasha is heavily wounded.
You slash the shadow imp!
You kill the shadow imp!
The shadow imp disappears in a puff of smoke!
Natasha claws you.
You die...

#... .P #...# #.#
#...####+### ...
#.#........# #.#
#.#(.......##### ...
#..........[....
#P###P###..........#####
......h.#..........# #
......§@.....†.....# #
##.....#...........# #
####..............# #
####.>...####### #
####### # ######### #
........# # ........# #
........###


You could see Natasha.

Vanquished Creatures
  A worm (D:2)
  3 bats (D:1)
  4 endoplasms (D:1)
  A goblin (D:1)
  A hobgoblin (D:1)
  4 jackals (D:1)
  A quokka (D:2)
  2 frilled lizards (D:1)
  3 kobolds (D:1)
  5 rats
25 creatures vanquished.

Vanquished Creatures (others)
  A plant (D:2)
1 creature vanquished.

Grand Total: 26 creatures vanquished

Notes
Turn   | Place    | Note
-------+----------+-------------------------------------------
     0 | D:1      | LabCoat the Hill Orc Fighter began the quest for the Orb.
     0 | D:1      | Reached XP level 1. HP: 19/19 MP: 1/1
   331 | D:1      | Reached XP level 2. HP: 17/27 MP: 2/2
  1085 | D:1      | Identified a scroll of acquirement
  1085 | D:1      | Acquired the ring "Suzxos" {rF+ Str+6}
  1183 | D:2      | Reached XP level 3. HP: 28/33 MP: 3/3
  1294 | D:2      | Noticed Natasha
  1299 | D:2      | Reached skill level 4 in Fighting
  1304 | D:2      | HP: 1/33 [shadow imp[Natasha] (1)]
  1305 | D:2      | Slain by Natasha

Illustrated notes

Levels and vault maps discovered:
D:1:      doesnt_arrival_eight_statues, layout_basic
D:2:      layout_basic, shapermc_ecumenical_altar_mp_urbaneastern, uniq_natasha

Skill      XL: |  1  2  3 |
---------------+----------+-----
Axes           | 3 |  3.6
Fighting       | 4 |  4.0
Armour         | |  3.6
Shields        | |  3.5

Action                   || total
-------------------------++-------
Melee: War axe           ||    74
  Use: Scroll            ||     2
       Potion            ||     1
Armor: Scale mail        ||    36
Dodge: Dodged            ||    41
Block: Buckler           ||    26
